 Dungeon Crawl Stone Soup version 0.17-a0-2093-gc772f4b (webtiles) character file.

2264 tp1 the Thaumaturge (level 9, 0/45 HPs)
             Began as a Deep Elf Conjurer on Oct 16, 2015.
             Was a Believer of Vehumet.
             Slain by an orc warrior
             ... wielding a +2 short sword of speed
              (5 damage)
             ... on level 7 of the Dungeon.
             The game lasted 00:52:02 (7745 turns).

tp1 the Thaumaturge (Deep Elf Conjurer)             Turns: 7745, Time: 00:52:03

Health: 0/45       AC:  6    Str:  6    XL:     9   Next: 16%
Magic:  7/24       EV: 13    Int: 23    God:    Vehumet [**....]
Gold:   389        SH:  7    Dex: 15    Spells: 4 memorised, 16 levels left

rFire  + + .     SeeInvis .     j - +1 short sword
rCold  . . .     Clarity  .     q - +2 robe {rC+ rF+}
rNeg   . . .     SustAt   .     O - +3 buckler
rPois  .         Gourm    .     (no helmet)
rElec  .         Spirit   .     (no cloak)
rCorr  .         Warding  .     y - +0 pair of gloves
rMut   .         Rnd*Tele +     N - +0 pair of boots
MR     .....                    w - amulet of regeneration
Stlth  ++........               A - ring of teleportation (curse)
                                p - ring of fire

@: drained, not resistant to hostile enchantments, unstealthy
A: no striking features
a: Renounce Religion, Evoke Teleportation


You were on level 7 of the Dungeon.
You worshipped Vehumet.
Vehumet was pleased with you.
You were not hungry.

You visited 2 branches of the dungeon, and saw 8 of its levels.
You also visited: Ossuary.

You collected 389 gold pieces.

Inventory:

Hand Weapons
 j - a +1 short sword (weapon)
 K - a +0 blowgun
Armour
 a - a +0 robe
 m - a +0 leather armour
 q - a +2 robe of resistance (worn)
 v - a +2 leather armour
 y - a +0 pair of gloves (worn)
 N - a +0 pair of boots (worn)
 O - a +3 buckler (worn)
Rods
 L - a +0 lightning rod (11/11)
   (You found it on level 6 of the Dungeon)
Jewellery
 p - a ring of fire (left hand)
 w - an amulet of regeneration (around neck)
 A - a cursed ring of teleportation (right hand)
 M - an uncursed ring of ice {unknown}
Wands
 s - a wand of hasting (7)
 E - a wand of random effects (25)
 H - a wand of polymorph (11)
Scrolls
 i - 7 scrolls of teleportation
 n - 8 scrolls of identify
 B - 3 scrolls of remove curse
 D - a scroll of fear
 J - a scroll of recharging
 P - a scroll of acquirement {unknown}
Potions
 d - 2 potions of lignification
 e - a potion of brilliance
 f - 3 potions of haste {unknown}
 l - 4 potions of curing
 t - 2 potions of flight {unknown}
 x - a potion of beneficial mutation {unknown}
 z - 3 potions of poison {unknown}
 C - a potion of cure mutation {unknown}
 F - a potion of berserk rage {unknown}
 G - a potion of cancellation {unknown}
 I - 3 potions of invisibility {unknown}
Books
 b - a book of Conjurations

   Spells                             Type                      Level
   a - Magic Dart                     Conjuration                  1
   b - Searing Ray                    Conjuration                  2
   c - Dazzling Spray                 Conjuration/Hexes            3
   d - Fulminant Prism                Conjuration/Hexes            4
   e - Iskenderun's Mystic Blast      Conjuration                  4
   f - Iskenderun's Battlesphere      Conjuration/Charms           5
 o - a book of Summonings

   Spells                             Type                      Level
   a - Recall                         Summoning/Translocation      3
   b - Aura of Abjuration             Summoning                    5
   c - Shadow Creatures               Summoning                    5
   d - Summon Demon                   Summoning                    5
   e - Summon Forest                  Summoning/Translocation      5
   f - Summon Mana Viper              Hexes/Summoning              5
Comestibles
 c - 3 bread rations
 g - 7 meat rations
 h - 2 beef jerkies
 k - 3 slices of pizza
 r - 2 chunks of flesh
 u - 2 fruits


   Skills:
 - Level 2.2(2.0) Short Blades
 + Level 1.2(1.0) Armour
 - Level 3.0(2.8) Dodging
 - Level 3.0(2.8) Stealth
 - Level 2.4(2.2) Shields
 - Level 9.6(9.3) Spellcasting
 - Level 5.1(4.8) Conjurations
 - Level 7.2(7.0) Hexes
 - Level 8.2(8.0) Charms
 - Level 0.4(0.2) Evocations


You had 16 spell levels left.
You knew the following spells:

 Your Spells              Type           Power        Failure   Level  Hunger
a - Magic Dart            Conj           ####         1%          1    None
b - Searing Ray           Conj           ####..       1%          2    None
c - Dazzling Spray        Conj/Hex       #####...     1%          3    None
d - Iskenderun's Battles  Conj/Chrm      #####...     17%         5    ####...


Dungeon Overview and Level Annotations

Branches:
Dungeon (7/15)             Temple (1/1) D:4

Altars:
Ashenzari
Cheibriados
Dithmenos
Elyvilon
Gozag
Kikubaaqudgha
Makhleb
Nemelex Xobeh
Okawaru
Qazlal
Ru
Sif Muna
Trog
Vehumet
Xom
Yredelemnul
Zin
The Shining One

Annotations:
D:4 Rayvis's ghost, novice OpAs


Message History

Your battlesphere fires!
The barrage of energy hits the orc warrior.
The orc warrior is heavily wounded.
You block the orc's attack. The orc warrior misses you.
The wight hits you with an enchanted dire flail.
The orc priest invokes the aid of Beogh against you.
Something smites you!
Unknown command.
Drink which item? (? for menu, Esc to quit)
You feel better.
The orc warrior hits you with a short sword of speed.
The orc hits you with a mace. The wight hits you but does no damage.
The orc priest calls down the wrath of Beogh upon you.
Something smites you!
* * * LOW HITPOINT WARNING * * *
Unknown command.
Use which ability?
You fail to use your ability.
The orc warrior hits you with a short sword of speed.
You die...

######..##
##.....
#......##
###...
#......#
####
#.._..##
#.....#
#.....#
#...###
#.*## #.o@#
#.ooz......
##.o.......
#.....####
##..###
.... .....
.....


You could see an orc warrior, a wight, an orc priest, an orc wizard and an orc.

Vanquished Creatures
  A hippogriff (D:7)
  Edmund (D:6)
  Duvessa (D:5)
  A sky beast (D:7)
  2 ice beasts
  3 ogres
  4 centaurs (D:6)
  Blork the orc (D:5)
  Dowan (D:5)
  3 water moccasin zombies (Ossuary)
  2 wights (D:7)
  A crimson imp (D:6)
  2 giant frog zombies
  A hound (D:1)
  A centaur skeleton (D:7)
  An orc priest (D:5)
  A quasit (D:6)
  4 worker ants
  3 orc wizards
  2 big kobold zombies (Ossuary)
  3 mummies
  A worker ant zombie (D:5)
  8 adders
  4 gnolls (D:3)
  2 oozes
  4 adder zombies
  3 worms
  13 orcs
  8 bats
  3 gnoll zombies (Ossuary)
  3 goblins
  11 hobgoblins
  4 jackals (D:5)
  A quokka (D:4)
  A ball python (D:3)
  2 giant cockroaches
  2 giant geckos
  2 giant gecko skeletons
  3 giant newts
  4 hobgoblin zombies
  A jackal skeleton (D:4)
  7 kobolds
  4 kobold zombies
  2 orc zombies (Ossuary)
  A quokka skeleton (D:5)
  5 rats
138 creatures vanquished.

Vanquished Creatures (others)
  A hobgoblin zombie (Ossuary)
  An orc zombie (Ossuary)
2 creatures vanquished.

Grand Total: 140 creatures vanquished

Notes
Turn   | Place    | Note
--------------------------------------------------------------
     0 | D:1      | tp1 the Deep Elf Conjurer began the quest for the Orb.
     0 | D:1      | Reached XP level 1. HP: 10/10 MP: 6/6
   356 | D:1      | Reached XP level 2. HP: 15/15 MP: 2/8
  1198 | D:1      | Reached XP level 3. HP: 10/19 MP: 1/9
  1553 | D:2      | Reached XP level 4. HP: 20/24 MP: 0/10
  1855 | D:2      | Reached skill level 5 in Conjurations
  2030 | D:2      | Learned a level 2 spell: Searing Ray
  2034 | D:2      | Learned a level 3 spell: Dazzling Spray
  2431 | D:3      | Found a faded altar to an unknown god.
  2769 | D:3      | Noticed an ogre
  2775 | D:3      | Killed an ogre
  2775 | D:3      | Reached skill level 5 in Spellcasting
  2775 | D:3      | Reached XP level 5. HP: 28/28 MP: 10/14
  2783 | D:3      | Learned a level 5 spell: Iskenderun's Battlesphere
  2868 | D:3      | Reached skill level 1 in Hexes
  3270 | D:3      | Found a faded altar to an unknown god.
  3727 | D:4      | Reached XP level 6. HP: 32/32 MP: 9/15
  4043 | D:4      | Reached skill level 5 in Hexes
  4044 | D:4      | Noticed Rayvis's ghost (novice OpAs)
  4241 | D:4      | Found a staircase to the Ecumenical Temple.
  4250 | Temple   | Entered the Ecumenical Temple
  4347 | Temple   | Became a worshipper of Vehumet
  4519 | D:5      | Entered Level 5 of the Dungeon
  4527 | D:5      | Reached skill level 1 in Charms
  4746 | D:5      | Noticed Blork the orc
  4813 | D:5      | Reached XP level 7. HP: 12/36 MP: 0/16
  5052 | D:5      | Reached skill level 5 in Charms
  5223 | D:5      | Noticed Duvessa
  5223 | D:5      | Noticed Dowan
  5235 | D:5      | Killed Duvessa
  5235 | D:5      | Reached skill level 6 in Charms
  5243 | D:5      | Killed Dowan
  5243 | D:5      | Reached skill level 7 in Charms
  5490 | D:5      | Reached skill level 8 in Charms
  5554 | D:5      | Killed Blork the orc
  6323 | D:6      | Reached * piety under Vehumet
  6323 | D:6      | Offered knowledge of Sting by Vehumet.
  6323 | D:6      | Reached XP level 8. HP: 41/41 MP: 8/17
  6343 | D:6      | Found a sand-covered staircase.
  6348 | Ossuary  | Entered an ossuary
  7144 | D:6      | Noticed Edmund
  7153 | D:6      | Killed Edmund
  7153 | D:6      | Reached skill level 9 in Spellcasting
  7158 | D:6      | Reached ** piety under Vehumet
  7158 | D:6      | Offered knowledge of Throw Frost by Vehumet.
  7327 | D:7      | Found a glowing silver altar of Zin.
  7327 | D:7      | Found a deep blue altar of Sif Muna.
  7332 | D:7      | Reached skill level 1 in Shields
  7332 | D:7      | Reached XP level 9. HP: 45/45 MP: 15/24
  7718 | D:7      | Found an opulent altar of Gozag.
  7739 | D:7      | Reached skill level 1 in Armour
  7745 | D:7      | Slain by an orc warrior

Vault maps used:
D:1:      dpeg_arrival_three_same_balls, minmay_crystal_room, dk_noncrumbling_3,
          st_stairs_14
D:2:      roderic_serpentine_path
D:3:      ecumenical_altar_2
D:4:      minmay_temple_entry_statues_fountains, first_bread, corner_web_ring
D:5:      minmay_mini_ossuary, uniq_duvessa, uniq_blork_the_orc
D:6:      nicolae_whirlpool, enter_ossuary_2, uniq_prince_ribbit1, uniq_edmund
D:7:      grunt_temple_overflow_open, basic_altar
Temple:   nicolae_temple_elliptical
Ossuary:  ossuary_tomb_2

Action                   |  1- 3 |  4- 6 |  7- 9 || total
-------------------------+-------+-------+-------++-------
Melee: Short sword       |    13 |    30 |    65 ||   108
 Cast: Magic Dart        |    45 |    97 |   138 ||   280
       Searing Ray       |       |    16 |     4 ||    20
       Dazzling Spray    |       |    16 |     7 ||    23
       Iskenderun's Batt |       |       |    20 ||    20
  Use: Scroll            |       |    12 |     2 ||    14
       Potion            |       |     2 |     4 ||     6
 Stab: Invisible         |       |     4 |     1 ||     5
  Eat: Chunk             |     2 |    10 |     7 ||    19
       Fruit             |       |       |     1 ||     1
       Bread ration      |       |       |     2 ||     2
